| TOP OF THE 1ST |
|
South Bend Cubs batting - Pitching for Peoria Chiefs : RHP Steve Barnett
|
|
Pitching: RHP Steve Barnett
|
|
|
Batting: RHB Jason Ostrom
|
0-0: Ball 1-0: Swinging Strike 1-1: Swinging Strike 1-2: Foul Ball, location: 2F 1-2: Ball 2-2: Strikes out swinging
|
|
Batting: LHB Andy Bordeaux
|
0-0: Reached on error, E4 (Groundball, 4S, EV 80.6 MPH)
|
|
Batting: RHB Mike Savage
|
0-0: Called Strike 0-1: Swinging Strike 0-2: Foul Ball, location: 2F 0-2: Fielders Choice at 2nd, 4-6 (Groundball, 4M, EV 103.1 MPH)
|
|
Batting: LHB Mike DiNardo
|
0-0: Called Strike Mike Savage steals 2nd base Balk! Mike Savage to third 0-1: Foul Ball, location: 2F 0-2: Foul Ball, location: 2F 0-2: Ball 1-2: Ball 2-2: Fly out, F8 (Line Drive, 8RM, EV 91.2 MPH)
|
| Top of the 1st over - 0 runs, 0 hits, 1 error, 1 left on base; South Bend 0 - Peoria 0 |
| BOTTOM OF THE 1ST |
|
Peoria Chiefs batting - Pitching for South Bend Cubs : LHP Jose Carrillo
|
|
Pitching: LHP Jose Carrillo
|
|
|
Batting: RHB Josh Martin
|
0-0: Foul Ball, location: 2F 0-1: Ground out U3 (Groundball, 34, EV 90.6 MPH)
|
|
Batting: RHB Dan Boykins
|
0-0: Called Strike 0-1: Ground out U3 (Groundball, 34, EV 82.5 MPH)
|
|
Batting: RHB Travis Leonard
|
0-0: Ball 1-0: Ball 2-0: Ball 3-0: Called Strike 3-1: Foul Ball, location: 2F 3-2: Foul Ball, location: 2F 3-2: Base on Balls
|
|
Batting: RHB Terry Baginski
|
0-0: Called Strike 0-1: Ball 1-1: Ball 2-1: Ball 3-1: Swinging Strike 3-2: Base on Balls Travis Leonard to second
|
|
Batting: RHB Chris Simmons
|
0-0: Called Strike 0-1: SINGLE (Groundball, 56D, EV 110.0 MPH) Travis Leonard to third Terry Baginski to second Runner from 3rd tries for Home, throw by LF and OUT! 7-2
|
| Bottom of the 1st over - 0 runs, 1 hit, 0 errors, 2 left on base; South Bend 0 - Peoria 0 |
| TOP OF THE 2ND |
|
South Bend Cubs batting - Pitching for Peoria Chiefs : RHP Steve Barnett
|
|
Batting: LHB Shuan-yan Wu
|
0-0: Called Strike 0-1: Ball 1-1: Ball 2-1: Foul Ball, location: 2F 2-2: Fly out, F8 (Flyball, 8RXD, EV 88.8 MPH)
|
|
Batting: SHB Benoît Morin
|
0-0: Called Strike 0-1: Ball 1-1: Swinging Strike 1-2: Ball 2-2: Foul Ball, location: 2F 2-2: Strikes out swinging
|
|
Batting: LHB Jim Polson
|
0-0: Called Strike 0-1: Called Strike 0-2: Strikes out swinging
|
| Top of the 2nd over - 0 runs, 0 hits, 0 errors, 0 left on base; South Bend 0 - Peoria 0 |
| BOTTOM OF THE 2ND |
|
Peoria Chiefs batting - Pitching for South Bend Cubs : LHP Jose Carrillo
|
|
Pitching: RHP Devin Ward
|
|
|
Batting: RHB Francisco Vargas
|
0-0: Called Strike 0-1: Foul Ball, location: 2F 0-2: Ball 1-2: Strikes out swinging
|
|
Batting: SHB Bobby O'Leary
|
0-0: Called Strike 0-1: Ball 1-1: Foul Ball, location: 2F 1-2: Strikes out swinging
|
|
Batting: RHB Justin Reich
|
0-0: Ball 1-0: Ball 2-0: SOLO HOME RUN (Flyball, 78XD, EV 100.0 MPH), Distance : 396 ft
|
|
Batting: LHB Ken Compton
|
0-0: Foul Ball, location: 2F 0-1: SINGLE (Groundball, 25, EV 69.4 MPH) (infield hit)
|
|
Batting: RHB Josh Martin
|
0-0: Ball Ken Compton steals 2nd, throwing error, E2 Ken Compton to third 1-0: Called Strike 1-1: Ball 2-1: Foul Ball, location: 2F 2-2: SINGLE (Groundball, 56D, EV 110.6 MPH) Ken Compton scores
|
|
Pitching: RHP Daniel Sullivan
|
|
|
Batting: RHB Dan Boykins
|
0-0: Swinging Strike 0-1: Ball 1-1: Ball 2-1: Foul Ball, location: 2F 2-2: Strikes out swinging
|
| Bottom of the 2nd over - 2 runs, 3 hits, 1 error, 1 left on base; South Bend 0 - Peoria 2 |
| TOP OF THE 3RD |
|
South Bend Cubs batting - Pitching for Peoria Chiefs : RHP Steve Barnett
|
|
Batting: RHB Omar Novoa
|
0-0: Called Strike 0-1: Swinging Strike 0-2: Ball 1-2: Strikes out swinging
|
|
Batting: SHB Alvaro Andrade
|
0-0: Called Strike 0-1: Ball 1-1: SINGLE (Groundball, 4MD, EV 103.1 MPH)
|
|
Batting: RHB Jason Ostrom
|
0-0: SINGLE (Groundball, 6MS, EV 63.1 MPH) (infield hit) Alvaro Andrade to second
|
|
Batting: LHB Andy Bordeaux
|
0-0: Ball 1-0: Ball 2-0: Ball 3-0: Called Strike 3-1: Foul Ball, location: 2F 3-2: Fielders Choice at 2nd, 1-6 (Groundball, 34S, EV 72.5 MPH) Alvaro Andrade to third
|
|
Batting: RHB Mike Savage
|
0-0: Called Strike 0-1: Swinging Strike 0-2: Foul Ball, location: 2F 0-2: Reached on error, E4 (Groundball, 4, EV 103.1 MPH) Alvaro Andrade scores Andy Bordeaux to second
|
|
Batting: LHB Mike DiNardo
|
0-0: Ball 1-0: Ball 2-0: Ground out 4-3 (Groundball, 4, EV 86.9 MPH)
|
| Top of the 3rd over - 1 run, 2 hits, 1 error, 2 left on base; South Bend 1 - Peoria 2 |
| BOTTOM OF THE 3RD |
|
Peoria Chiefs batting - Pitching for South Bend Cubs : RHP Daniel Sullivan
|
|
Batting: RHB Travis Leonard
|
0-0: Ball 1-0: Ball 2-0: Foul Ball, location: 2F 2-1: Ball 3-1: Foul Ball, location: 2F 3-2: Base on Balls
|
|
Batting: RHB Terry Baginski
|
0-0: Called Strike Travis Leonard steals 2nd, throwing error, E2 Travis Leonard to third 0-1: Fly out, F8 (Flyball, 8LXD, EV 87.5 MPH) Runner from 3rd tags up, SCORES, no throw by CF
|
|
Batting: RHB Chris Simmons
|
0-0: Foul Ball, location: 2F 0-1: Called Strike 0-2: Strikes out swinging
|
|
Batting: RHB Francisco Vargas
|
0-0: Ball 1-0: Ball 2-0: Ball 3-0: Base on Balls
|
|
Pitching: LHP Nate George
|
|
|
Batting: SHB Bobby O'Leary
|
0-0: Ball 1-0: Foul Ball, location: 2F 1-1: Ball 2-1: Called Strike 2-2: Ball 3-2: Base on Balls Francisco Vargas to second
|
|
Batting: RHB Justin Reich
|
0-0: Ball 1-0: Called Strike 1-1: Ball 2-1: Foul Ball, location: 2F 2-2: DOUBLE (Groundball, 3L, EV 101.2 MPH) Francisco Vargas scores Bobby O'Leary to third Runner from 3rd tries for Home, SAFE, throw by RF to trailing runner, SAFE at third!
|
|
Batting: LHB Ken Compton
|
0-0: SINGLE (Line Drive, 34, EV 100.6 MPH) Justin Reich scores
|
|
Batting: RHB Josh Martin
|
0-0: Ball 1-0: Ball 2-0: Ball 3-0: Called Strike 3-1: Foul Ball, location: 2F 3-2: Foul Ball, location: 2F 3-2: Foul Ball, location: 2F 3-2: Base on Balls Ken Compton to second
|
|
Pitching: RHP Josh Deyo
|
|
|
Batting: RHB Dan Boykins
|
0-0: Called Strike 0-1: Foul Ball, location: 2F 0-2: 3-RUN HOME RUN (Flyball, 78XD, EV 95.6 MPH), Distance : 386 ft
|
|
Batting: RHB Travis Leonard
|
0-0: Ground out U3 (Groundball, 34S, EV 81.9 MPH)
|
| Bottom of the 3rd over - 7 runs, 3 hits, 1 error, 0 left on base; South Bend 1 - Peoria 9 |
| TOP OF THE 4TH |
|
South Bend Cubs batting - Pitching for Peoria Chiefs : RHP Steve Barnett
|
|
Batting: LHB Shuan-yan Wu
|
0-0: Called Strike 0-1: Ball 1-1: Fly out, F2 (Popup, 2RF, EV 89.4 MPH)
|
|
Batting: SHB Benoît Morin
|
0-0: Called Strike 0-1: Ball 1-1: SINGLE (Groundball, 25, EV 71.9 MPH) (infield hit)
|
|
Batting: LHB Jim Polson
|
0-0: Called Strike 0-1: Ball 1-1: Swinging Strike 1-2: Ball 2-2: Foul Ball, location: 2F 2-2: Strikes out looking
|
|
Batting: RHB Omar Novoa
|
0-0: Ball 1-0: Ball 2-0: Called Strike 2-1: Swinging Strike 2-2: Strikes out swinging
|
| Top of the 4th over - 0 runs, 1 hit, 0 errors, 1 left on base; South Bend 1 - Peoria 9 |
| BOTTOM OF THE 4TH |
|
Peoria Chiefs batting - Pitching for South Bend Cubs : RHP Josh Deyo
|
|
Batting: RHB Terry Baginski
|
0-0: Ball 1-0: Ball 2-0: SINGLE (Line Drive, 5L, EV 97.5 MPH)
|
|
Batting: RHB Chris Simmons
|
0-0: Ball 1-0: Foul Ball, location: 2F 1-1: DOUBLE (Groundball, 5L, EV 103.1 MPH) Terry Baginski to third
|
|
Batting: RHB Francisco Vargas
|
0-0: Called Strike 0-1: Foul Ball, location: 2F 0-2: DOUBLE (Flyball, 89D, EV 91.2 MPH) Terry Baginski scores Chris Simmons scores
|
|
Batting: SHB Bobby O'Leary
|
0-0: Swinging Strike 0-1: DOUBLE (Line Drive, 78D, EV 107.5 MPH) Francisco Vargas scores
|
|
Pitching: RHP Jason Scott
|
|
|
Batting: RHB Justin Reich
|
0-0: Called Strike 0-1: Ball 1-1: Ball 2-1: Ball 3-1: Foul Ball, location: 2F 3-2: Strikes out looking
|
|
Batting: LHB Ken Compton
|
0-0: Ball 1-0: Ball 2-0: Swinging Strike 2-1: Ball 3-1: Swinging Strike 3-2: Ground out 1-3 (Groundball, 13S, EV 66.2 MPH) Bobby O'Leary to third
|
|
Batting: RHB Josh Martin
|
0-0: Ball 1-0: Foul Ball, location: 2F 1-1: SINGLE (Groundball, 6MD, EV 101.9 MPH) Bobby O'Leary scores
|
|
Batting: RHB Dan Boykins
|
0-0: Called Strike 0-1: Ball 1-1: Called Strike 1-2: SINGLE (Line Drive, 9S, EV 105.0 MPH) Josh Martin to second
|
|
Pitching: RHP Eric Allen
|
|
|
Batting: RHB Travis Leonard
|
0-0: Ball 1-0: Foul Ball, location: 2F 1-1: SINGLE (Groundball, 34D, EV 99.4 MPH) Josh Martin to third Dan Boykins to second Runner from 3rd tries for Home, throw by RF and OUT! 9-2
|
| Bottom of the 4th over - 4 runs, 7 hits, 0 errors, 2 left on base; South Bend 1 - Peoria 13 |
| TOP OF THE 5TH |
|
South Bend Cubs batting - Pitching for Peoria Chiefs : RHP Steve Barnett
|
|
Batting: SHB Alvaro Andrade
|
0-0: Ball 1-0: Ball 2-0: Foul Ball, location: 2F 2-1: Foul Ball, location: 2F 2-2: Foul Ball, location: 2F 2-2: Strikes out swinging
|
|
Batting: RHB Jason Ostrom
|
0-0: Ball 1-0: Ball 2-0: Ball 3-0: Called Strike 3-1: Called Strike 3-2: SINGLE (Groundball, 5D, EV 103.8 MPH)
|
|
Batting: LHB Andy Bordeaux
|
0-0: Ball 1-0: SINGLE (Groundball, 34D, EV 97.5 MPH) Jason Ostrom to second
|
|
Batting: RHB Mike Savage
|
0-0: Swinging Strike 0-1: Ball 1-1: Ball 2-1: Foul Ball, location: 2F 2-2: Strikes out swinging
|
|
Batting: LHB Mike DiNardo
|
0-0: Called Strike 0-1: SINGLE (Line Drive, 9S, EV 90.6 MPH) Jason Ostrom to third Andy Bordeaux to second Runner from 3rd tries for Home, SAFE, throw by RF to home
|
|
Batting: LHB Shuan-yan Wu
|
0-0: Called Strike 0-1: Swinging Strike 0-2: Foul Ball, location: 2F 0-2: Ball 1-2: Foul Ball, location: 2F 1-2: Foul Ball, location: 2F 1-2: Ball 2-2: Foul Ball, location: 2F 2-2: Foul Ball, location: 2F 2-2: Ball 3-2: Fly out, F8 (Flyball, 78D, EV 93.8 MPH)
|
| Top of the 5th over - 1 run, 3 hits, 0 errors, 2 left on base; South Bend 2 - Peoria 13 |
| BOTTOM OF THE 5TH |
|
Peoria Chiefs batting - Pitching for South Bend Cubs : RHP Eric Allen
|
|
Batting: RHB Terry Baginski
|
0-0: Called Strike 0-1: Foul Ball, location: 2F 0-2: Ball 1-2: Fly out, F7 (Flyball, 7, EV 81.2 MPH)
|
|
Batting: RHB Chris Simmons
|
0-0: Called Strike 0-1: Ball 1-1: Foul Ball, location: 2F 1-2: Strikes out swinging
|
|
Batting: RHB Francisco Vargas
|
0-0: Foul Ball, location: 2F 0-1: Ball 1-1: Ball 2-1: Ball 3-1: SINGLE (Groundball, 4D, EV 103.1 MPH)
|
|
Batting: SHB Bobby O'Leary
|
0-0: Foul Ball, location: 2F 0-1: SINGLE (Groundball, 4MD, EV 98.1 MPH) Francisco Vargas to second
|
|
Pitching: RHP Jean-Paul Lefebvre
|
|
|
Batting: RHB Justin Reich
|
0-0: Called Strike 0-1: Ball 1-1: Ground out 5-3 (Groundball, 15, EV 83.8 MPH)
|
| Bottom of the 5th over - 0 runs, 2 hits, 0 errors, 2 left on base; South Bend 2 - Peoria 13 |
| TOP OF THE 6TH |
|
South Bend Cubs batting - Pitching for Peoria Chiefs : RHP Steve Barnett
|
|
Pitching: RHP Bryan Vandenburgh
|
|
|
Batting: SHB Benoît Morin
|
0-0: Called Strike 0-1: Ball 1-1: Ball 2-1: Swinging Strike 2-2: Strikes out swinging
|
|
Batting: LHB Jim Polson
|
0-0: Ball 1-0: Foul Ball, location: 2F 1-1: Ball 2-1: Foul Ball, location: 2F 2-2: Ball 3-2: Strikes out swinging
|
|
Batting: RHB Omar Novoa
|
0-0: Ball 1-0: SINGLE (Groundball, 6MD, EV 100.0 MPH)
|
|
Batting: SHB Alvaro Andrade
|
0-0: Ball Omar Novoa steals 2nd base 1-0: Foul Ball, location: 2F 1-1: Called Strike 1-2: Foul Ball, location: 2F 1-2: DOUBLE (Groundball, 5L, EV 98.1 MPH) Omar Novoa scores
|
|
Batting: RHB Jason Ostrom
|
0-0: Ball 1-0: Swinging Strike 1-1: Ball 2-1: Called Strike 2-2: Ball 3-2: Ground out 6-3 (Groundball, 56, EV 86.9 MPH)
|
| Top of the 6th over - 1 run, 2 hits, 0 errors, 1 left on base; South Bend 3 - Peoria 13 |
| BOTTOM OF THE 6TH |
|
Peoria Chiefs batting - Pitching for South Bend Cubs : RHP Jean-Paul Lefebvre
|
|
Batting: LHB Ken Compton
|
0-0: Ball 1-0: Ball 2-0: Called Strike 2-1: Called Strike 2-2: Ground out 4-3 (Groundball, 4S, EV 87.5 MPH)
|
|
Batting: RHB Josh Martin
|
0-0: Ball 1-0: Ball 2-0: Ball 3-0: Called Strike 3-1: Base on Balls
|
|
Batting: RHB Dan Boykins
|
0-0: Ball 1-0: Ball 2-0: Called Strike 2-1: Called Strike 2-2: Foul Ball, location: 2F 2-2: Ball 3-2: Base on Balls Josh Martin to second
|
|
Pitching: RHP John Madden
|
|
|
Batting: RHB Travis Leonard
|
0-0: Ball 1-0: Called Strike 1-1: Grounds into double play, 4-6-3 (Groundball, 4, EV 81.2 MPH)
|
| Bottom of the 6th over - 0 runs, 0 hits, 0 errors, 1 left on base; South Bend 3 - Peoria 13 |
| TOP OF THE 7TH |
|
South Bend Cubs batting - Pitching for Peoria Chiefs : RHP Bryan Vandenburgh
|
|
Pitching: LHP Luis Herrera
|
|
|
Batting: LHB Andy Bordeaux
|
0-0: Ball 1-0: Ball 2-0: Called Strike 2-1: Swinging Strike 2-2: Foul Ball, location: 2F 2-2: Ground out 2-3 (Groundball, 13S, EV 64.4 MPH)
|
|
Batting: RHB Mike Savage
|
0-0: Called Strike 0-1: Foul Ball, location: 2F 0-2: Strikes out swinging
|
|
Batting: LHB Mike DiNardo
|
0-0: Called Strike 0-1: Foul Ball, location: 2F 0-2: Strikes out swinging
|
| Top of the 7th over - 0 runs, 0 hits, 0 errors, 0 left on base; South Bend 3 - Peoria 13 |
| BOTTOM OF THE 7TH |
|
Peoria Chiefs batting - Pitching for South Bend Cubs : RHP John Madden
|
|
Batting: RHB Terry Baginski
|
0-0: Ball 1-0: Ball 2-0: Called Strike 2-1: Ball 3-1: Base on Balls
|
|
Batting: RHB Chris Simmons
|
0-0: Ball 1-0: Reached on error, E6 (Groundball, 6, EV 103.1 MPH) Terry Baginski to second
|
|
Batting: RHB Francisco Vargas
|
0-0: Ball 1-0: Foul Ball, location: 2F 1-1: Grounds into double play, 5-4-3 (Groundball, 56, EV 83.8 MPH) Terry Baginski to third
|
|
Batting: SHB Bobby O'Leary
|
0-0: Called Strike 0-1: Ball 1-1: Swinging Strike 1-2: Ball 2-2: Foul Ball, location: 2F 2-2: Ball 3-2: Base on Balls
|
|
Pitching: LHP Bill Tardiff
|
|
|
Batting: RHB Justin Reich
|
0-0: Hit by Pitch Bobby O'Leary to second
|
|
Batting: LHB Ken Compton
|
0-0: Ball Wild Pitch! Terry Baginski scores Bobby O'Leary to third Justin Reich to second 1-0: Ball 2-0: Ball 3-0: Base on Balls
|
|
Batting: RHB Josh Martin
|
0-0: Ball 1-0: Ball 2-0: Ball 3-0: Base on Balls Bobby O'Leary scores Justin Reich to third Ken Compton to second
|
|
Batting: RHB Dan Boykins
|
0-0: Ball 1-0: Foul Ball, location: 2F 1-1: Ball Balk! Justin Reich scores Ken Compton to third Josh Martin to second 2-1: Ball 3-1: Foul Ball, location: 2F 3-2: Foul Ball, location: 2F 3-2: Base on Balls
|
|
Batting: RHB Travis Leonard
|
0-0: Foul Ball, location: 2F 0-1: Ball 1-1: DOUBLE (Line Drive, 89D, EV 105.6 MPH) Ken Compton scores Josh Martin scores Dan Boykins to third
|
|
Batting: RHB Terry Baginski
|
0-0: Foul Ball, location: 2F 0-1: Ball 1-1: Foul Ball, location: 2F 1-2: Ball 2-2: Foul Ball, location: 2F 2-2: SINGLE (Groundball, 6D, EV 104.4 MPH) Dan Boykins scores Travis Leonard to third Runner from 3rd tries for Home, SAFE, throw by LF to home Terry Baginski to second
|
|
Batting: RHB Chris Simmons
|
0-0: Called Strike 0-1: Ball 1-1: Ball Passed Ball! Terry Baginski to third 2-1: Ball 3-1: Base on Balls
|
|
Batting: RHB Francisco Vargas
|
0-0: Swinging Strike 0-1: Ball 1-1: Ball 2-1: Ball 3-1: Base on Balls Chris Simmons to second
|
|
Batting: SHB Bobby O'Leary
|
0-0: Foul Ball, location: 2F 0-1: Ball 1-1: Ball 2-1: Ball 3-1: SINGLE (Groundball, 56D, EV 107.5 MPH) Terry Baginski scores Chris Simmons to third Francisco Vargas to second Runner from 3rd tries for Home, SAFE, throw by LF to home
|
|
Batting: RHB Justin Reich
|
0-0: Ball 1-0: Ball 2-0: Ball 3-0: Base on Balls Francisco Vargas to third Bobby O'Leary to second
|
|
Batting: LHB Ken Compton
|
0-0: Swinging Strike 0-1: Ground out 4-3 (Groundball, 34, EV 101.9 MPH)
|
| Bottom of the 7th over - 9 runs, 3 hits, 1 error, 3 left on base; South Bend 3 - Peoria 22 |
| TOP OF THE 8TH |
|
South Bend Cubs batting - Pitching for Peoria Chiefs : LHP Luis Herrera
|
|
Batting: LHB Shuan-yan Wu
|
0-0: Called Strike 0-1: Ball 1-1: Ground out 6-3 (Groundball, 6M, EV 103.8 MPH)
|
|
Batting: SHB Benoît Morin
|
0-0: Ball 1-0: Called Strike 1-1: Ball 2-1: Foul Ball, location: 2F 2-2: Foul Ball, location: 2F 2-2: Strikes out swinging
|
|
Batting: LHB Jim Polson
|
0-0: Called Strike 0-1: Ball 1-1: Called Strike 1-2: Fly out, F5 (Popup, 5, EV 69.4 MPH)
|
| Top of the 8th over - 0 runs, 0 hits, 0 errors, 0 left on base; South Bend 3 - Peoria 22 |
| BOTTOM OF THE 8TH |
|
Peoria Chiefs batting - Pitching for South Bend Cubs : LHP Bill Tardiff
|
|
Batting: RHB Josh Martin
|
0-0: Ball 1-0: Called Strike 1-1: Ball 2-1: Ball 3-1: Base on Balls
|
|
Batting: RHB Dan Boykins
|
0-0: SINGLE (Flyball, 8LS, EV 84.4 MPH) Josh Martin to second
|
|
Batting: RHB Travis Leonard
|
0-0: DOUBLE (Flyball, 8LXD, EV 101.9 MPH) Josh Martin scores Dan Boykins to third
|
|
Batting: RHB Terry Baginski
|
0-0: Ball 1-0: Ball 2-0: Ball 3-0: Called Strike 3-1: Foul Ball, location: 2F 3-2: Foul Ball, location: 2F 3-2: Base on Balls
|
|
Batting: RHB Chris Simmons
|
0-0: Reached on error, E6 (Groundball, 6, EV 89.4 MPH) Dan Boykins scores Travis Leonard to third Terry Baginski to second
|
|
Batting: RHB Francisco Vargas
|
0-0: Called Strike 0-1: Ball Wild Pitch! Travis Leonard scores Terry Baginski to third Chris Simmons to second 1-1: Swinging Strike 1-2: Ball 2-2: Ball 3-2: Base on Balls
|
|
Batting: SHB Bobby O'Leary
|
0-0: SINGLE (Line Drive, 7S, EV 93.1 MPH) Terry Baginski scores Chris Simmons to third Francisco Vargas to second
|
|
Batting: RHB Justin Reich
|
0-0: Fly out, F7 (Flyball, 7S, EV 91.2 MPH)
|
|
Batting: LHB Ken Compton
|
0-0: DOUBLE (Line Drive, 7LS, EV 105.6 MPH) Chris Simmons scores Francisco Vargas scores Bobby O'Leary to third Runner from 3rd tries for Home, SAFE, throw by LF to home
|
|
Batting: RHB Josh Martin
|
0-0: Called Strike 0-1: Ball 1-1: DOUBLE (Line Drive, 9LD, EV 108.1 MPH) Ken Compton scores
|
|
Batting: RHB Dan Boykins
|
0-0: SINGLE (Groundball, 56S, EV 75.0 MPH) (infield hit) Josh Martin to third
|
|
Batting: RHB Travis Leonard
|
0-0: SINGLE (Line Drive, 7, EV 95.0 MPH) Josh Martin scores Dan Boykins to second
|
|
Batting: RHB Terry Baginski
|
0-0: Reached on error, E4 (Groundball, 4, EV 107.5 MPH) Dan Boykins to third Travis Leonard to second
|
|
Batting: RHB Chris Simmons
|
0-0: Fly out, F9 (Flyball, 9, EV 96.2 MPH)
|
|
Batting: RHB Francisco Vargas
|
Balk! Dan Boykins scores Travis Leonard to third Terry Baginski to second 0-0: Fly out, F8 (Flyball, 8LS, EV 83.8 MPH)
|
| Bottom of the 8th over - 10 runs, 7 hits, 2 errors, 2 left on base; South Bend 3 - Peoria 32 |
| TOP OF THE 9TH |
|
South Bend Cubs batting - Pitching for Peoria Chiefs : LHP Luis Herrera
|
|
Batting: RHB Omar Novoa
|
0-0: Ground out 4-3 (Groundball, 4, EV 104.4 MPH)
|
|
Batting: SHB Alvaro Andrade
|
0-0: Called Strike 0-1: Ground out 6-3 (Groundball, 6, EV 80.6 MPH)
|
|
Batting: RHB Jason Ostrom
|
0-0: Ball 1-0: Ground out 6-3 (Groundball, 6, EV 86.2 MPH)
|
| Top of the 9th over - 0 runs, 0 hits, 0 errors, 0 left on base; South Bend 3 - Peoria 32 |
|